 Dungeon Crawl Stone Soup version 0.27.1-33-g824d729ab1 (webtiles) character file.

Game seed: 4288719829787540996

96 pkoi the Ruffian (level 4, -11/36 HPs)
             Began as a Draconian Warper on Dec 13, 2021.
             Was an Initiate of Cheibriados.
             Mangled by an ogre (29 damage)
             ... on level 4 of the Dungeon.
             The game lasted 00:03:05 (3662 turns).

pkoi the Ruffian (Draconian Warper)                 Turns: 3662, Time: 00:03:06

Health: -11/36     AC:  6    Str: 14    XL:     4   Next: 41%
Magic:  7/7        EV: 12    Int: 16    God:    Cheibriados [......]
Gold:   85         SH:  0    Dex: 11    Spells: 7/7 levels left

rFire    . . .     SeeInvis .   d - +1 short sword (venom)
rCold    . . .     Faith    .   (no shield)
rNeg     . . .     Spirit   .   (armour unavailable)
rPois    .         Reflect  .   (helmet restricted)
rElec    .         Harm     .   (no cloak)
rCorr    .         Rampage  .   j - +0 pair of gloves
Will     .....                  (no boots)
Stlth    +.........             (no amulet)
HPRegen  0.12/turn              (no ring)
MPRegen  0.10/turn              (no ring)

@: very slow
A: AC +5, unfitting armour, cold-blooded
a: Renounce Religion, Bend Time


You were on level 4 of the Dungeon.
You worshipped Cheibriados.
Cheibriados was noncommittal.
You visited 2 branches of the dungeon, and saw 5 of its levels.

You collected 97 gold pieces.
You spent 12 gold pieces at shops.

Inventory:

Hand Weapons
 d - a +1 short sword of venom (weapon)
Missiles
 b - 5 boomerangs of dispersal (quivered)
 g - 4 boomerangs
Armour
 j - a +0 pair of gloves (worn)
Scrolls
 a - a scroll of blinking
 f - a scroll of teleportation
 h - 5 scrolls of identify
Potions
 c - a potion of haste
 e - a potion of cancellation
 i - a potion of might {unknown}


   Skills:
 - Level 2.1 Fighting
 - Level 0.8 Throwing
 - Level 2.1 Dodging
 + Level 4.7 Unarmed Combat
 - Level 2.0 Spellcasting
 - Level 3.0 Translocations


You had 7 spell levels left.
You didn't know any spells.
Your spell library contained the following spells:

 Spells                   Type           Power      Damage    Failure   Level
 Blink                    Tloc           N/A        N/A       9%          2
 Gell's Gravitas          Tloc           5%         N/A       19%         3
 Lesser Beckoning         Tloc           5%         N/A       19%         3
 Teleport Other           Tloc           11%        N/A       19%         3
 Magic Dart               Conj           4%         1d3       21%         1
 Call Imp                 Summ           1%         N/A       30%         2
 Portal Projectile        Hex/Tloc       12%        N/A       32%         3
 Call Canine Familiar     Summ           1%         N/A       52%         3
 Mephitic Cloud           Conj/Pois/Air  1%         N/A       52%         3
 Manifold Assault         Tloc           11%        N/A       86%         5
 Leda's Liquefaction      Hex/Erth       0%         N/A       90%         4


Dungeon Overview and Level Annotations

Branches:
Dungeon (4/15)             Temple (1/1) D:4

Altars:
Cheibriados
Dithmenos
Elyvilon
Fedhas
Makhleb
Nemelex Xobeh
Ru
Wu Jian
Yredelemnul
Zin
The Shining One

Shops:
D:3 !

Annotations:
D:3 2 transporters, pkoi's ghost, amateur DrTm


Innate Abilities, Weirdness & Mutations

Your plain brown scales are hard. (AC +5)
You cannot fit into any form of body armour.
You are cold-blooded and may be slowed by cold attacks.


Message History

You kill the dart slug!
No target in view!
No target in view!
No target in view!
No target in view!
No target in view!
No target in view!
No target in view!
No target in view!
No target in view!
No target in view!
No target in view!
No target in view!
No target in view!
No target in view!
No target in view!
No target in view!
No target in view!
You see here a dart slug corpse.
An ogre comes into view. It is wielding a +0 giant spiked club.
The ogre shouts!
An ogre is nearby!
An ogre is nearby!
An ogre is nearby!
An ogre is nearby!
You hit the ogre.
The ogre is lightly wounded.
The ogre hits you with a +0 giant spiked club!!
Ouch! That really hurt!
* * * LOW HITPOINT WARNING * * *
You hit the ogre.
The ogre is lightly wounded.
The ogre closely misses you.
You closely miss the ogre.
The ogre is lightly wounded.
You barely miss the ogre.
The ogre is lightly wounded.
The ogre hits you with a +0 giant spiked club!!
Ouch! That really hurt!
You die...

### #.####
########.##.####
#.........†.<..#####
#####..#..@O......
##...#.###......
###...##..# #....
###.###....###..#
#.. #....#....##
#..# .
.........#####..##
.................#
.................##
.............>....##
###


You could see an ogre.

Vanquished Creatures
  Robin (D:3)
  2 adders
  An ufetubus (D:2)
  A worm (D:2)
  2 dart slugs
  2 endoplasms
  3 giant cockroaches
  12 goblins
  9 hobgoblins
  3 jackals (D:1)
  2 quokkas
  6 ball pythons
  2 frilled lizards
  2 kobolds (D:2)
  3 rats
51 creatures vanquished.

Notes
Turn   | Place    | Note
-------+----------+-------------------------------------------
     0 | D:1      | pkoi the Draconian Warper began the quest for the Orb.
     0 | D:1      | Reached XP level 1. HP: 17/17 MP: 3/3
   204 | D:1      | Reached XP level 2. HP: 12/24 MP: 5/5
   613 | D:1      | Reached skill level 3 in Unarmed Combat
  1225 | D:2      | Reached XP level 3. HP: 19/29 MP: 6/6
  1732 | D:2      | Found a burning altar of Makhleb.
  2131 | D:3      | Found Kazebri's Distillery.
  2134 | D:3      | Reached skill level 4 in Unarmed Combat
  2162 | D:3      | Bought a potion of degeneration for 12 gold pieces
  2193 | D:3      | Identified the +3 helmet of the Fife {rN+ Will+ Str+4
                  | Int+3}
  2193 | D:3      | Noticed Robin
  2708 | D:3      | Killed Robin
  2709 | D:3      | Reached XP level 4. HP: 27/36 MP: 7/7
  2827 | D:3      | Found a transporter.
  2827 | D:3      | Noticed pkoi's ghost (amateur DrTm)
  2831 | D:3      | Found a transporter.
  3287 | D:4      | Found an ornate altar of the Wu Jian Council.
  3370 | D:4      | Found a staircase to the Ecumenical Temple.
  3416 | Temple   | Entered the Ecumenical Temple
  3493 | Temple   | Became a worshipper of Cheibriados the Contemplative
  3565 | D:4      | Identified the +4 spear of the Wasteland {vorpal, rElec
                  | Str-2 Int+9 Dex-4}
  3655 | D:4      | Noticed an ogre
  3662 | D:4      | Mangled by an ogre

Illustrated notes

Levels and vault maps discovered:
D:1:      evilmike_arrival_fibonacci_small, layout_rooms
D:2:      layout_basic, basic_altar
D:3:      layout_rooms, gammafunk_ghost_arena, serial_shops,
          nicolae_diamond_shop, uniq_robin
D:4:      layout_layer_cave, chequers_temple_overflow_statue_of_worship,
          mainiacjoe_overflow_cross_hatched, minmay_temple_entry_glassed_door
Temple:   compressed_dpeg_circular_temple

Skill      XL: |  1  2  3 |
---------------+----------+-----
Unarmed Combat | 3 4 |  4.7
Fighting       | |  2.1
Throwing       | |  0.8
Dodging        | |  2.1
Spellcasting   | |  2.0
Translocations | |  3.0

Action                   |  1- 3 |  4- 6 || total
-------------------------+-------+-------++-------
Melee: Unarmed           |   155 |       ||   155
       Tailslap          |    21 |     2 ||    23
       Short sword       |    16 |    24 ||    40
  Use: Scroll            |     6 |     1 ||     7
       Potion            |     2 |       ||     2
Armor: Skin              |    53 |     6 ||    59
Dodge: Dodged            |   107 |    15 ||   122
